AoeStats
← RedJenga7

Arena

507566635Analyzed
4v4 RM · 14d ago on Sep 18, 2026· 46m 15s· 8 players
Game mode
Random Map
Map size
Large (8 player)
Population
200
Speed
Normal
Resources
Standard
Victory
Conquest
Starting age
Dark Age
Ending age
Imperial Age
RankedLock teamsTeams togetherTeam positionsShared explorationLock speedFull tech treeHidden civsTurbo modeCheats
Victory
Defeat
🇪🇸 Malians · Spain
1242
+13
🇲🇽 Franks · Mexico
1232
+14
🇷🇺 Burgundians · Russia
1205
+15
🇬🇧 Georgians · United Kingdom
1162
+17
🇹🇼 Khmer · Taiwan
1230
-17
🇦🇷 Mongols · Argentina
1198
-15
🇨🇳 Inca · China
1164
-14
🇨🇳 Franks · China
1145
-13
Teniente Rada
10:43 Feudal Age
14:35 Castle Age
13:46 Double-Bit Axe
15:37 Bow Saw
20:10 Wheelbarrow
20:57 Fervor
25:31 Loom
27:18 Hand Cart
27:33 Forging
27:29 Scale Barding Armor
27:47 Gold Mining
27:47 Stone Mining
29:11 Iron Casting
30:33 Chain Barding Armor
30:17 Husbandry
31:13 Gold Shaft Mining
35:00 Imperial Age
33:07 Town Watch
36:21 Plate Barding Armor
35:11 Cavalier
37:05 Blast Furnace
37:04 Paladin
44:49 Chivalry
45:10 Conscription
RedJenga7
10:53 Feudal Age
11:46 Double-Bit Axe
15:08 Castle Age
13:41 Horse Collar
15:59 Bow Saw
21:37 Wheelbarrow
23:49 Pikeman
25:55 Fletching
26:16 Forging
26:08 Scale Mail Armor
26:20 Squires
36:09 Scale Barding Armor
36:40 Iron Casting
38:40 Imperial Age
35:59 Loom
36:30 Hand Cart
36:01 Town Watch
38:16 Chain Barding Armor
38:38 Chain Mail Armor
38:46 Svan Towers
38:41 Guard Tower
39:49 Bloodlines
39:39 Husbandry
39:01 Light Cavalry
40:28 Hussar
42:51 Plate Barding Armor
43:37 Conscription
43:14 Elite Monaspa
46:40 Aznauri Cavalry
edelaze
3:24 Double-Bit Axe
8:48 Horse Collar
11:27 Feudal Age
17:06 Castle Age
15:48 Bow Saw
19:17 Two-Man Saw
18:54 Heavy Plow
23:11 Gold Mining
23:13 Loom
24:13 Wheelbarrow
24:49 Pikeman
26:18 Scale Mail Armor
26:31 Squires
27:47 Chain Mail Armor
28:18 Forging
28:39 Hand Cart
30:12 Gold Shaft Mining
29:30 Stone Mining
30:12 Town Watch
33:49 Imperial Age
32:03 Scale Barding Armor
33:33 Chain Barding Armor
33:48 Ballistics
34:24 Husbandry
35:35 Chemistry
33:56 Elite Coustillier
35:01 Conscription
35:11 Masonry
35:52 Stone Shaft Mining
35:22 Town Patrol
35:36 Guilds
36:03 Plate Barding Armor
36:07 Iron Casting
35:01 Light Cavalry
37:54 Blast Furnace
38:54 Hussar
41:06 Fletching
Mameluco adbuser
1:31 Loom
2:17 Loom
10:45 Feudal Age
15:22 Castle Age
14:05 Double-Bit Axe
14:05 Horse Collar
16:36 Bow Saw
26:11 Forging
27:51 Scale Mail Armor
29:21 Wheelbarrow
30:04 Iron Casting
30:17 Arson
31:27 Chain Mail Armor
32:30 Squires
33:10 Town Watch
36:00 Imperial Age
33:30 Town Watch
34:35 Padded Archer Armor
34:25 Fletching
35:25 Hand Cart
35:45 Masonry
37:18 Plate Mail Armor
36:56 Pikeman
38:10 Bodkin Arrow
38:16 Padded Archer Armor
39:12 Conscription
39:14 Elite Skirmisher
40:11 Leather Archer Armor
40:31 Town Patrol
45:24 Chemistry
44:38 Gold Mining
44:41 Stone Mining
45:32 Ballistics
45:43 Architecture
45:00 Elite Gbeto
xu3u6vm0888
12:06 Feudal Age
14:53 Castle Age
15:40 Husbandry
21:43 Scale Barding Armor
22:24 Forging
22:36 Bloodlines
23:03 Ballistics
22:35 Horse Collar
22:45 Double-Bit Axe
24:11 Heavy Plow
24:44 Bow Saw
28:17 Gold Mining
28:20 Stone Mining
32:28 Wheelbarrow
31:39 Loom
33:44 Gold Shaft Mining
33:13 Light Cavalry
38:45 Imperial Age
36:33 Hand Cart
39:05 Heavy Scorpion
43:46 Stone Shaft Mining
阿酷丶
10:49 Feudal Age
9:06 Loom
14:50 Castle Age
13:21 Double-Bit Axe
16:08 Wheelbarrow
16:18 Bow Saw
25:46 Gold Mining
29:22 Imperial Age
27:08 Hand Cart
27:01 Scale Barding Armor
27:21 Forging
28:22 Husbandry
29:14 Iron Casting
29:00 Chain Barding Armor
29:50 Cavalier
30:52 Conscription
32:07 Plate Barding Armor
31:44 Paladin
34:15 Chemistry
34:23 Gold Shaft Mining
33:38 Stone Mining
37:33 Squires
37:18 Gambesons
38:35 Blast Furnace
37:36 Scale Mail Armor
37:27 Fletching
37:38 Padded Archer Armor
38:12 Pikeman
40:35 Pikeman
41:03 Halberdier
42:29 Chain Mail Armor
老k
10:57 Feudal Age
14:43 Castle Age
13:12 Loom
13:14 Town Watch
13:21 Double-Bit Axe
14:14 Town Watch
23:51 Horse Collar
25:22 Heavy Plow
26:08 Bow Saw
26:18 Gold Mining
26:20 Stone Mining
27:37 Wheelbarrow
28:21 Fletching
31:33 Imperial Age
28:41 Crossbowman
29:23 Padded Archer Armor
30:31 Gold Shaft Mining
30:13 Bodkin Arrow
30:50 Ballistics
31:11 Thumb Ring
31:23 Leather Archer Armor
31:20 Masonry
31:21 Fortified Wall
30:53 Treadmill Crane
33:00 Conscription
33:59 Chemistry
33:41 Hand Cart
34:05 Bracer
33:36 Arbalester
36:06 Ring Archer Armor
37:11 Fabric Shields
38:18 Crop Rotation
38:24 Stone Shaft Mining
38:25 Forging
38:16 Scale Mail Armor
41:19 Pikeman
42:00 Squires
diavolomagro
9:47 Feudal Age
14:04 Castle Age
12:22 Double-Bit Axe
15:52 Bow Saw
23:01 Stone Mining
23:01 Gold Mining
24:28 Wheelbarrow
26:03 Hand Cart
29:34 Imperial Age
26:51 Loom
27:41 Fletching
27:51 Padded Archer Armor
28:26 Bodkin Arrow
29:38 Ballistics
29:29 Masonry
29:47 Town Watch
30:52 Conscription
31:26 Stone Shaft Mining
31:28 Gold Shaft Mining
30:57 Bracer
31:13 Leather Archer Armor
32:00 Chemistry
32:53 Elite Mangudai
34:16 Bloodlines
34:07 Husbandry
36:09 Drill
38:27 Light Cavalry
41:13 Scale Barding Armor
41:19 Forging
41:00 Hussar
42:07 Capped Ram
44:16 Chain Barding Armor
44:32 Iron Casting
Connection lost

Rejoining the realm…

Still unreachable

The connection could not be restored.

Session expired

The server has moved on; the page needs a fresh start.